 Dungeon Crawl Stone Soup version 0.31-a0-865-g3d5d91748a (webtiles) character file.

Game seed: 16021795053272848420

4522 wingedge the Conjurer (level 10, -6/65 HPs)
             Began as an Octopode Earth Elementalist on Oct 10, 2023.
             Was an Elder of Zin.
             Mangled by a yak (12 damage)
             ... on level 8 of the Dungeon.
             The game lasted 00:32:36 (9624 turns).

wingedge the Conjurer (Octopode Earth Elementalist) Turns: 9624, Time: 00:32:37

Health: -6/65      AC:  5    Str:  7    XL:     10   Next: 39%
Magic:  2/19       EV: 13    Int: 23    God:    Zin [****..]
Gold:   378        SH:  4    Dex: 12    Spells: 11/21 levels left

rFire   . . .        a - +2 whip (flame)
rCold   . . .        D - +0 buckler
rNeg    . . .        (helmet restricted)
rPois   .            (no amulet)
rElec   .            i - +4 ring of protection
rCorr   .            f - ring of flight
SInv    .            (no ring)
Will    .....        (no ring)
Stlth   ++++         (no ring)
HPRegen 0.30/turn    (no ring)
MPRegen 0.16/turn    (no ring)
                     (no ring)

%: no passive effects
@: flying
A: almost no armour, amphibious, 8 rings, camouflage 1, gelatinous body 1,
(nimble swimmer 1), tentacles
a: Renounce Religion, Recite, Vitalisation, Imprison, Donate Gold


You were on level 8 of the Dungeon.
You worshipped Zin.
Zin was greatly pleased with you.
You visited 2 branches of the dungeon, and saw 9 of its levels.
You also visited: Sewer.

You collected 419 gold pieces.
You donated 41 gold pieces to Zin.

Inventory:

Hand Weapons
 a - a +2 whip of flaming (weapon)
 b - a +1 hand axe of freezing
Missiles
 h - 9 poisoned darts
Armour
 B - an orb of energy
 D - a +0 buckler (worn)
Magical Staves
 p - a staff of poison
 y - a staff of fire
Jewellery
 f - a ring of flight (right tentacle)
 i - a +4 ring of protection (left tentacle)
Wands
 j - a wand of flame (12)
Scrolls
 c - a scroll of blinking
 d - a scroll of fear
 g - a scroll of teleportation
 n - 2 scrolls of enchant weapon
 o - 3 scrolls of vulnerability
 q - 3 scrolls of poison
 r - a scroll of silence {unknown}
 s - a scroll of fog {unknown}
 x - 2 scrolls of amnesia
 C - a scroll of acquirement {unknown}
 E - a scroll of enchant armour {unknown}
Potions
 e - 4 potions of curing
 k - 2 potions of brilliance {unknown}
 l - 2 potions of heal wounds {unknown}
 m - a potion of haste {unknown}
 t - a potion of invisibility {unknown}
 u - a potion of attraction
 v - a potion of enlightenment {unknown}
 z - a potion of mutation {unknown}
 A - 2 potions of cancellation {unknown}
 F - a potion of resistance {unknown}


   Skills:
 + Level 4.3 Fighting
 + Level 4.3 Dodging
 - Level 5.0 Stealth
 + Level 3.0 Shields
 + Level 6.1 Spellcasting
 + Level 6.6 Conjurations
 - Level 3.0 Translocations
 - Level 1.0 Transmutations
 + Level 6.4 Earth Magic
 + Level 6.5 Invocations


You had 11 spell levels left.
You knew the following spells:

 Your Spells              Type           Power      Damage    Failure   Level
a - Sandblast             Erth           72%        2d16      1%          1
b - Stone Arrow           Conj/Erth      74%        3d11      2%          3
c - Brom's Barrelling Bo  Conj/Erth      37%        2d6       10%         4
z - Blink                 Tloc           40%        N/A       6%          2

Your spell library contained the following spells:

 Spells                   Type           Power      Damage    Failure   Level
 Foxfire                  Conj/Fire      88%        2x1d8     3%          1
 Passwall                 Tmut/Erth      20%        N/A       4%          2
 Wereblood                Tmut           11%        N/A       14%         2
 Sublimation of Blood     Necr           7%         N/A       21%         2
 Petrify                  Tmut/Erth      24%        N/A       28%         4
 Leda's Liquefaction      Hex/Erth       10%        N/A       34%         4
 Call Canine Familiar     Summ           7%         N/A       38%         3
 Sigil of Binding         Hex            7%         N/A       38%         3
 Dimensional Bullseye     Hex/Tloc       6%         N/A       58%         4
 Irradiate                Conj/Tmut      12%        3d15      61%         5
 Conjure Ball Lightning   Conj/Air       11%        3x3d6     99%         6
 Summon Hydra             Summ           3%         N/A       100%        7


Dungeon Overview and Level Annotations

Branches:
Dungeon (8/15)             Temple (1/1) D:4           Sewer (visited)
   Lair: D:8-11

Altars:
Ashenzari
Cheibriados
Dithmenos
Elyvilon
Fedhas
Gozag
Hepliaklqana
Kikubaaqudgha
Nemelex Xobeh
Okawaru
Qazlal
Ru
Sif Muna
Trog
Uskayaw
Vehumet
Wu Jian
Xom
Zin


Innate Abilities, Weirdness & Mutations

You cannot wear most types of armour.
You are amphibious.
You can wear up to eight rings at the same time.
Your skin changes colour to match your surroundings (Stealth+).
Your rubbery body absorbs attacks. (AC +1, EV +1)
((You are camouflaged when in or above water. (Stealth+)))
You have tentacles for arms and can constrict up to eight enemies at once.


Message History

Confirm with . or Enter, or press ? or * to list all spells.
Aiming: Stone Arrow (dangerous; 2% risk of failure)
Press: ? - help, Shift-Dir - straight line, f - yak
Aim: a yak (moderately wounded, 84% to hit)
Okay, then.
Okay, then.
Unknown command.
Press: ? - help, v - describe, . - travel
Here: a yak (moderately wounded)
The floor.
Unknown command.
You hit the yak but do no damage.
The yak is moderately wounded.
The yak gores you but does no damage. The yak misses you.
You barely miss the yak.
The yak is moderately wounded.
You block the yak's attack.
You hit the yak. You burn the yak.
The yak is heavily wounded.
The yak gores you!
* * * LOW HITPOINT WARNING * * *
You hit the yak but do no damage.
The yak is moderately wounded.
The yak barely misses you.
You hit the yak but do no damage.
The yak is moderately wounded.
The yak closely misses you.
You hit the yak but do no damage.
The yak is moderately wounded.
The yak gores you!
* * * LOW HITPOINT WARNING * * *
Casting: Stone Arrow (dangerous; 2% risk of failure)
Confirm with . or Enter, or press ? or * to list all spells.
Aiming: Stone Arrow (dangerous; 2% risk of failure)
Press: ? - help, Shift-Dir - straight line, f - yak
Aim: a yak (moderately wounded, 84% to hit)
The stone arrow hits the yak!
The yak is severely wounded.
The yak gores you!
You die...

#.(....... #.......#
#Y# #.(†....# YY..#
#.......# .....
#.......# .....
#.......# ###.....
#.......# ........
##.......#####.......
#<(@Y....'...Y....# .
##.......###.#.#.## #
####........#.# #
##########.# #.######
#.#<#... #.#.#.##
#.#.#.# #.#.#.#


You could see a yak.

Vanquished Creatures
  A boulder beetle (D:8)
  Pikel (Temple)
  Joseph (D:7)
  Jeremiah (D:6)
  A hornet (D:7)
  Prince Ribbit (D:6)
  Sigmund (D:3)
  Eustachio (D:5)
  A water moccasin (D:7)
  Pargi (Sewer)
  An orc warrior (D:7)
  A sky beast (D:7)
  2 black bears (D:5)
  2 centaurs
  A phantom (D:7)
  4 lemures
  A kobold brigand (D:7)
  Blork the orc (D:4)
  3 bullfrogs
  2 scorpions
  2 howler monkeys (D:5)
  4 hounds
  A gnoll bouda (D:7)
  3 jellies
  An orc priest (D:7)
  Crazy Yiuf (D:3)
  A sleepcap (D:4)
  Natasha (thrice) (D:2)
  2 iguanas
  5 orc wizards
  Robin (D:3)
  9 gnolls
  7 adders
  2 river rats (D:3)
  A shadow imp (D:7)
  2 white imps
  An ufetubus (D:4)
  3 worms
  3 dart slugs
  16 orcs
  9 bats
  8 endoplasms
  4 giant cockroaches
  17 goblins
  15 hobgoblins
  4 jackals (D:2)
  16 kobolds
  6 ball pythons
  A frilled lizard (D:1)
  8 rats
184 creatures vanquished.

Notes
Turn   | Place    | Note
-------+----------+-------------------------------------------
     0 | D:1      | wingedge the Octopode Earth Elementalist began the quest
                  | for the Orb.
     0 | D:1      | Reached XP level 1. HP: 11/11 MP: 3/3
   386 | D:1      | Reached XP level 2. HP: 18/18 MP: 3/5
   446 | D:1      | Reached skill level 1 in Fighting
   840 | D:1      | Reached skill level 1 in Conjurations
  1027 | D:2      | Reached XP level 3. HP: 23/23 MP: 4/6
  1163 | D:2      | Found a shadowy altar of Dithmenos.
  1272 | D:2      | Found a faded altar of an unknown god.
  1398 | D:2      | Prayed at the altar of an unknown god.
  1398 | D:2      | Became a worshipper of Zin the Law-Giver
  1398 | D:2      | Reached * piety under Zin
  1482 | D:2      | Learned a level 3 spell: Stone Arrow
  1487 | D:2      | Noticed Natasha
  1500 | D:2      | Killed Natasha
  1501 | D:2      | Reached XP level 4. HP: 18/29 MP: 2/7
  1587 | D:2      | Noticed Natasha
  1599 | D:2      | Reached ** piety under Zin
  1639 | D:2      | Killed Natasha
  1640 | D:2      | Reached XP level 5. HP: 35/35 MP: 5/8
  1683 | D:2      | Noticed Natasha
  1698 | D:2      | Killed Natasha
  2093 | D:3      | Noticed Robin
  2124 | D:3      | Killed Robin
  2261 | D:3      | Found a sparkling altar of Nemelex Xobeh.
  2262 | D:3      | Found an ornate altar of the Wu Jian Council.
  2262 | D:3      | Found a glowing silver altar of Zin.
  2270 | D:3      | Found a bloodstained altar of Trog.
  2275 | D:3      | Found a radiant altar of Vehumet.
  2354 | D:3      | Found a glowing drain.
  2367 | D:3      | Reached skill level 1 in Invocations
  2374 | D:3      | Reached XP level 6. HP: 15/42 MP: 1/9
  2388 | Sewer    | Entered a sewer
  2529 | Sewer    | Reached *** piety under Zin
  2655 | Sewer    | Noticed Pargi
  2665 | Sewer    | Killed Pargi
  2750 | Sewer    | Got a sooty book
  2853 | D:3      | Noticed Sigmund
  2864 | D:3      | Killed Sigmund
  2865 | D:3      | Reached XP level 7. HP: 41/46 MP: 0/11
  3302 | D:3      | Found a runed translucent door.
  3303 | D:3      | Noticed Crazy Yiuf
  3307 | D:3      | Killed Crazy Yiuf
  3460 | D:4      | Found a staircase to the Ecumenical Temple.
  3467 | Temple   | Entered the Ecumenical Temple
  3756 | D:4      | Noticed Blork the orc
  3759 | D:4      | Killed Blork the orc
  3951 | D:4      | Noticed Pikel
  4801 | Temple   | Killed Pikel
  4802 | Temple   | Reached skill level 5 in Conjurations
  4802 | Temple   | Reached skill level 5 in Earth Magic
  4802 | Temple   | Reached XP level 8. HP: 52/52 MP: 1/14
  5199 | D:4      | Found a sacrificial altar of Ru.
  5230 | D:5      | Entered Level 5 of the Dungeon
  5611 | D:5      | Reached skill level 5 in Invocations
  5729 | D:5      | Noticed Eustachio
  5740 | D:5      | Killed Eustachio
  5741 | D:5      | Reached skill level 5 in Spellcasting
  5741 | D:5      | Reached XP level 9. HP: 42/57 MP: 3/16
  6205 | D:5      | Found a shadowy altar of Dithmenos.
  6247 | D:5      | Learned a level 4 spell: Brom's Barrelling Boulder
  6250 | D:5      | Learned a level 2 spell: Blink
  6437 | D:6      | Noticed Jeremiah
  6442 | D:6      | Killed Jeremiah
  6630 | D:6      | Reached skill level 1 in Translocations
  6744 | D:6      | Noticed Prince Ribbit
  6979 | D:6      | Reached **** piety under Zin
  7494 | D:6      | Killed Prince Ribbit
  7495 | D:6      | Reached skill level 5 in Stealth
  7949 | D:7      | Found a blossoming altar of Fedhas.
  7952 | D:7      | Reached skill level 1 in Shields
  8013 | D:7      | Noticed a hornet
  8018 | D:7      | Killed a hornet
  8295 | D:7      | Noticed Joseph
  8440 | D:7      | Killed Joseph
  8441 | D:7      | Reached XP level 10. HP: 45/63 MP: 5/18
  9596 | D:8      | Noticed a boulder beetle
  9609 | D:8      | Killed a boulder beetle
  9624 | D:8      | Mangled by a yak

Illustrated notes

Levels and vault maps discovered:
D:1:      dpeg_arrival_more_subterranean_lakeside_camping, layout_basic,
          minmay_cupped
D:2:      layout_rooms, chequers_ecumenical_altar_island, basic_altar,
          kennysheep_decorative_pillar, uniq_natasha
D:3:      layout_rooms, mainiacjoe_overflow_alcove_1,
          chequers_temple_overflow_statue_of_worship, serial_glass,
          glass_columns_a, glass_columns_a, portal_sewer_entry_b, st_stairs_12,
          uniq_sigmund, uniq_crazy_yiuf_cottage, uniq_robin
D:4:      layout_loops_cross, nicolae_ru_path_of_blood,
          minmay_temple_entry_hall, uniq_duvessa, uniq_blork_the_orc, uniq_pikel
D:5:      layout_rooms, overflow_temple_1_default, uniq_eustachio
D:6:      layout_cave_pods, serial_bayou_pond_e, chequers_serial_rivers_micro_d,
          kb_lookout_dungeons_type, roderic_serpentine_path, uniq_jeremiah,
          uniq_prince_ribbit1
D:7:      layout_loops_ring, fedhas_altar_1, chequers_serial_rivers_micro_e,
          uniq_joseph
D:8:      layout_basic, mainiacjoe_overflow_catwalk
Temple:   chequers_temple_sunken

Skill      XL: |  1  2  3  4  5  6  7  8  9 10 |
---------------+-------------------------------+-----
Stealth        | 3 5 |  5.0
Fighting       | 1 2 3 4 |  4.3
Conjurations   | 1 2 3 5 6 |  6.6
Earth Magic    | 4 5 6 |  6.4
Invocations    | 1 2 4 5 6 |  6.5
Spellcasting   | 3 4 5 6 |  6.1
Dodging        | 4 |  4.3
Translocations | 2 3 |  3.0
Shields        | 2 3 |  3.0
Transmutations | |  1.0

Action                     |  1- 3 |  4- 6 |  7- 9 | 10-12 || total
---------------------------+-------+-------+-------+-------++-------
  Melee: Short sword       |     2 |       |       |       ||     2
         Tentacles         |     2 |     8 |     6 |     4 ||    20
         Flail             |     1 |       |       |       ||     1
         Long sword        |     4 |       |       |       ||     4
         Constrict         |     1 |    11 |     5 |     1 ||    18
         Rapier            |       |    26 |    21 |       ||    47
         Punch             |       |     1 |       |       ||     1
         Whip              |       |       |     7 |    26 ||    33
  Throw: Dart              |       |       |       |     2 ||     2
   Cast: Sandblast         |    45 |    59 |    46 |     3 ||   153
         Stone Arrow       |       |     5 |   119 |    32 ||   156
 Invoke: Vitalisation      |       |       |       |     1 ||     1
  Evoke: Wand              |       |     3 |       |       ||     3
    Use: Potion            |     1 |     1 |       |       ||     2
         Scroll            |     3 |     2 |     5 |     1 ||    11
   Stab: Distracted        |       |     1 |       |       ||     1
 Armour: Skin              |    19 |    65 |    59 |    38 ||   181
  Dodge: Dodged            |    25 |    55 |    47 |    29 ||   156
  Block: Buckler           |       |       |     3 |     8 ||    11

Table legend: (Time is in decaauts)
 A = Elapsed time spent in this place.
 B = Non-inter-level travel time spent in this place.
 C = Inter-level travel time spent in this place.
 D = Time resting spent in this place.
 E = Time spent auto-exploring this place.
 F = Levels seen in this place.
 G = Mean time per level.
                   A        B        C        D        E       F      G
               +--------+--------+--------+--------+--------+-----+--------+
         Total |   9728 |   9349 |    379 |   3122 |   4602 |  10 |  972.8 |
       Dungeon |   8772 |   8393 |    379 |   2362 |   4562 |   8 | 1096.5 |
        Temple |    541 |    541 |      0 |    487 |      0 |   1 |  541.0 |
         Sewer |    414 |    414 |      0 |    273 |     40 |   1 |  414.0 |
               +--------+--------+--------+--------+--------+-----+--------+

Top non-repeatable levels by time:
     D:7: 1731 daAuts
     D:6: 1417 daAuts
     D:4: 1289 daAuts
     D:2: 1090 daAuts
     D:5: 1076 daAuts
     D:3: 1030 daAuts
     D:1: 1013 daAuts
  Temple: 541 daAuts
   Sewer: 414 daAuts
     D:8: 123 daAuts
